 Dungeon Crawl Stone Soup version 0.31.0-11-ge490571c62 (webtiles) character file.

Game seed: 18102266406533252801

94 qw the Shooter (level 4, 0/25 HPs)
             Began as a Deep Elf Hunter on Feb 4, 2024.
             Slain by a cerulean imp
             ... wielding a +1 spear
             ... summoned by Natasha
              (4 damage)
             ... on level 2 of the Dungeon.
             The game lasted 00:00:04 (961 turns).

qw the Shooter (Deep Elf Hunter)                     Turns: 961, Time: 00:00:05

Health: 0/25       AC:  3    Str: 10    XL:     4   Next: 38%
Magic:  6/6        EV: 12    Int: 14    God:
Gold:   12         SH:  0    Dex: 18    Spells: 3/3 levels left

rFire   . . .        a - +0 shortbow
rCold   . . .        (shield currently unavailable)
rNeg    . . .        c - +0 leather armour
rPois   +            (no helmet)
rElec   .            (no cloak)
rCorr   .            (no gloves)
SInv    +            (no boots)
Will    .....        (no amulet)
Stlth   ++           k - ring of see invisible
HPRegen 0.24/turn    j - ring of poison resistance
MPRegen 0.10/turn

%: no passive effects
@: slowed, very slow
A: no striking features
a: no special abilities


You were on level 2 of the Dungeon.
You visited 1 branch of the dungeon, and saw 2 of its levels.

You collected 38 gold pieces.
You spent 26 gold pieces at shops.


   Skills:
 - Level 1.5 Fighting
 + Level 7.8 Ranged Weapons
 - Level 2.4 Dodging
 - Level 1.2 Stealth


You had 3 spell levels left.
You didn't know any spells.
Your spell library was empty.

Inventory:

Hand Weapons
 a - a +0 shortbow (weapon)
Armour
 c - a +0 leather armour (worn)
Jewellery
 j - a ring of poison resistance (right hand)
 k - a ring of see invisible (left hand)
 Y - a ring of positive energy
Potions
 f - a potion of mutation
 i - 2 potions of enlightenment

Dungeon Overview and Level Annotations

Branches:
Dungeon (2/15)

Altars:

Shops:
D:1 ?

Annotations:
D:2 Natasha


Message History

You shoot an arrow. The arrow hits Natasha!
You kill Natasha!
Natasha growls in agony!
You start resting.
HP restored.
A bat comes into view.
You shoot an arrow.
The arrow hits the bat but does no damage.
You shoot an arrow. The arrow barely misses the bat.
You shoot an arrow. The arrow hits the bat.
The bat is heavily wounded.
The bat closely misses you.
You shoot an arrow. The arrow hits the bat.
You kill the bat!
Natasha, Servant of Life and Death comes into view.
You shoot an arrow. The arrow hits Natasha.
Natasha is lightly wounded.
You shoot an arrow. The arrow completely misses Natasha.
Natasha stares at you and mumbles some strange words.
You feel yourself slow down.
You shoot an arrow. The arrow closely misses Natasha.
You shoot an arrow. The arrow misses Natasha.
Natasha casts a spell at you.
You feel as though you will be slow longer.
You shoot an arrow. The arrow closely misses Natasha.
You shoot an arrow. The arrow closely misses Natasha.
Natasha mumbles some strange words. x2
Enter note: You shoot an arrow.
The arrow hits Natasha.
Natasha is lightly wounded.
Natasha claws you! The cerulean imp barely misses you.
The cerulean imp hits you with a +2 spear.
You shoot an arrow. The arrow hits Natasha.
Natasha is heavily wounded.
Natasha claws you but does no damage.
The cerulean imp hits you from afar with a +1 spear.
The cerulean imp hits you with a +2 spear.
Natasha claws you. The cerulean imp misses you.
The cerulean imp hits you from afar with a +1 spear.
You die...

......#...# ##.
......#...# #..
......#...####.#
......#.....##.# ####.
......#.#...##.####.....
...............%........
......####...#..........
......# #...#.5.......#
......#####.....@....!.#
...............h.......#
..##............%5......
..######.#..............
.## #................ .#
###.........%.... .#
#.............. .#
#.............. .#
#........


You could see Natasha and 2 cerulean imps.

Vanquished Creatures
  Natasha (twice) (D:2)
  An adder (D:2)
  A dart slug (D:1)
  3 ball pythons
  2 bats
  2 endoplasms (D:1)
  A giant cockroach (D:1)
  4 hobgoblins (D:1)
  5 jackals (D:1)
  A kobold (D:1)
  3 quokkas
  A frilled lizard (D:1)
  2 goblins (D:1)
  2 rats (D:1)
30 creatures vanquished.

Notes
Turn   | Place    | Note
-------+----------+-------------------------------------------
     0 | D:1      | qw the Deep Elf Hunter began the quest for the Orb.
     0 | D:1      | Reached XP level 1. HP: 12/12 MP: 3/3
     0 | D:1      | 0 ||| qw: Version: 0.3-a-160-g6735b56
     0 | D:1      | 0 ||| qw: Game counter: 4969
     0 | D:1      | 0 ||| qw: Melee chars always use a shield: true
     0 | D:1      | 0 ||| qw: God list: Okawaru
     0 | D:1      | 0 ||| qw: Allow faded altars: false
     0 | D:1      | 0 ||| qw: Do Orc after clearing Dungeon:15 true
     0 | D:1      | 0 ||| qw: Do second Lair branch before Depths: true
     0 | D:1      | 0 ||| qw: Lair rune preference: random
     0 | D:1      | 0 ||| qw: Goals: Normal
     0 | D:1      | 0 ||| PLANNING D:1-11
    65 | D:1      | Reached XP level 2. HP: 13/16 MP: 4/4
   118 | D:1      | Reached skill level 6 in Ranged Weapons
   194 | D:1      | Found Etozikem's Magic Scroll Shop.
   203 | D:1      | 203 ||| SHOPLISTING scroll of acquirement (676 gold, have
                  | 26).
   203 | D:1      | 203 ||| SHOPLISTING scroll of enchant armour (97 gold, have
                  | 26).
   203 | D:1      | 203 ||| SHOPLISTING scroll of enchant weapon (97 gold, have
                  | 26).
   203 | D:1      | 203 ||| BUYING scroll of identify (26 gold).
   203 | D:1      | Bought a scroll of identify for 26 gold pieces
   203 | D:1      | 203 ||| SHOPLISTING scroll of identify (26 gold, have 0).
   678 | D:1      | 678 ||| UPGRADING to ring of positive energy.
   679 | D:1      | 679 ||| UPGRADING to ring of poison resistance.
   680 | D:1      | 680 ||| UPGRADING to ring of see invisible.
   682 | D:1      | 682 ||| READING 3 scrolls of identify.
   682 | D:1      | 682 ||| IDENTIFYING viscous blue potion
   683 | D:1      | 683 ||| READING 2 scrolls of identify.
   683 | D:1      | 683 ||| IDENTIFYING fizzy silvery potion
   684 | D:1      | 684 ||| READING scroll of identify.
   684 | D:1      | 684 ||| IDENTIFYING 2 metallic white potions
   685 | D:1      | 685 ||| DRINKING 3 black potions.
   686 | D:1      | 686 ||| DROPPING scroll of butterflies.
   687 | D:1      | 687 ||| DROPPING 2 potions of ambrosia.
   688 | D:1      | 688 ||| DROPPING potion of degeneration.
   709 | D:2      | 709 ||| STAIRDANCE
   721 | D:2      | 721 ||| STAIRDANCE
   724 | D:1      | Reached XP level 3. HP: 20/20 MP: 5/5
   731 | D:2      | 731 ||| STAIRDANCE
   832 | D:2      | Noticed Natasha
   835 | D:2      | Killed Natasha
   836 | D:2      | Reached skill level 7 in Ranged Weapons
   843 | D:2      | Noticed Natasha
   844 | D:2      | Reached XP level 4. HP: 25/25 MP: 6/6
   845 | D:2      | 845 ||| FLEEEEING.
   846 | D:2      | 846 ||| FLEEEEING.
   847 | D:2      | 847 ||| FLEEEEING.
   848 | D:2      | 848 ||| FLEEEEING.
   854 | D:2      | HP: 3/25 [Natasha (8)]
   855 | D:2      | Killed Natasha
   953 | D:2      | Noticed Natasha
   961 | D:2      | HP: 5/25 [cerulean imp/+2 spear[Natasha] (6)]
   961 | D:2      | Slain by a cerulean imp

Levels and vault maps discovered:
D:1:      onia_arrival_pentagram, layout_basic, serial_shops,
          nicolae_lakefront_shop
D:2:      cheibrodos_helix_gallery, layout_rooms, minmay_puff, uniq_natasha

Skill      XL: |  1  2  3 |
---------------+----------+-----
Ranged Weapons | 6 7 |  7.8
Fighting       | |  1.5
Dodging        | |  2.4
Stealth        | |  1.2

Action                     |  1- 3 |  4- 6 || total
---------------------------+-------+-------++-------
   Fire: Shortbow          |    82 |    18 ||   100
    Use: Scroll            |     3 |       ||     3
         Potion            |     1 |       ||     1
 Armour: Leather armour    |    22 |    10 ||    32
  Dodge: Dodged            |    27 |     4 ||    31

Table legend:
 A = Non-vault XP
 B = Vault XP
 C = Vault XP percentage of total XP
 D = Non-vault monster count
 E = Vault monster count
 F = Vault count percentage of total count
                 A         B        C        D         E       F
            +---------+---------+-------+---------+---------+-------
      Total |     100 |      35 |  25.9 |      29 |       1 |   3.3
            +---------+---------+-------+---------+---------+-------
        D:1 |      45 |       0 |   0.0 |      24 |       0 |   0.0
        D:2 |      55 |      35 |  38.9 |       5 |       1 |  16.7
            +---------+---------+-------+---------+---------+-------
